 Dungeon Sprint DCSS version 0.03.2.1-39-gc08451f611 (webtiles) character file.

Game seed: 2340238760908321270, levelgen mode: deterministic

1470 esc the Crack Shot (level 8, 0/61 HPs) Centaur Hunter. Began on Jan 24, 2021. Was an Initiate of Gozag Ym Sagoz. Shot with an arrow by a centaur warrior (3 damage) ... in the Dungeon (Sprint I: "Red Sonja"). The game lasted 00:02:33 (753 turns).

esc the Crack Shot (Centaur Hunter)                  Turns: 753, Time: 00:02:35

Health: 0/61       AC:  4    Str: 15    XL:     8 ^: 698
Magic:  8/8        EV:  9    Int: 10    God:    Gozag Ym Sagoz
Gold:   937        SH:  0    Dex: 12    Spells: 7/7 levels left

rFire    . . .     Vision   .   a - +1 shortbow
rCold    . . .     Gourm    .   (also wielding the above weapon)
rNeg     . . .     Faith    .   c - +0 leather armour
rPois    .         Spirit   .   (no helmet)
rElec    .         Reflect  .   (no cloak)
rCorr    .         Harm     .   (no gloves)
MR       .....     NoTele   +   (no barding)
Stlth    +.........             (no amulet)
HPRegen  0.30/turn              (no ring)
MPRegen  0.18/turn              (no ring)

@: very quick
A: large, hooves 3, deformed body, speed 2, tough skin 3
a: Potion Petition, Call Merchant, Bribe Branch, Renounce Religion


You were in the Dungeon.
You worshipped Gozag Ym Sagoz.
Gozag Ym Sagoz was pleased with you.
You were not hungry.

You visited 1 branch You collected 937 gold pieces.

Inventory:

Weapons
 a - a +1 shortbow (weapon)
 b - a +0 short sword
Armour
 c - a +0 leather armour (worn)
Wands
 k - a wand of ensnaring (2)
Scrolls
 j - a scroll of blinking
 m - a scroll of magic mapping
Potions
 e - 5 potions of curing
 f - 3 potions of heal wounds
 g - a potion of haste
 h - 2 potions of magic
 i - a potion of berserk rage
 l - a potion of mutation
 n - a potion of brilliance
Comestibles
 d - 2 rations


   Skills:
 - Level 2.0 Fighting
 + Level 22.1 Bows
 - Level 1.3 Dodging
 - Level 0.4 Stealth


You had 7 spell levels left.
You didn't know any spells.
Your spell library was empty.

Dungeon Overview and Level Annotations

Branches:
Dungeon (1/1)

Altars:
Cheibriados
Dithmenos
Elyvilon
Fedhas Madash
Gozag Ym Sagoz
Hepliaklqana
Kikubaaqudgha
Nemelex Xobeh
Okawaru
Qazlal
Ru
Sif Muna
Trog
Uskayaw
Vehumet
Wu Jian
Yredelemnul
Zin
The Shining One

Shops:
D }[


Innate Abilities, Weirdness & Mutations

You have hooves in place of feet.
Armour fits poorly on your strangely shaped body.
You cover ground very quickly.
You have extremely tough skin. (AC +3)


Message History

The web tears apart.
The centaur warrior wields a +0 shortbow.
The centaur warrior shoots an arrow.
The arrow bug you (19)!!
* * * LOW HITPOINT WARNING * * *
Aiming:
a - a +1 shortbow, Range: 2 (50%)
Press: ? - help, Shift-Dir - straight line, f/p - centaur warrior
Aim: a centaur warrior, wielding a cursed +0 shortbow of freezing {(Curse: Fragile)} (purple smoke, severely wounded (21/58))
You shoot an arrow.
The arrow hits the centaur warrior (11)!
The centaur warrior is almost dead. (10/58) HP
Aiming:
a - a +1 shortbow, Range: 2 (50%)
Press: ? - help, Shift-Dir - straight line, f/p - centaur warrior
Aim: a centaur warrior, wielding a cursed +0 shortbow of freezing {(Curse: Fragile)} (purple smoke, almost dead (10/58))
You shoot an arrow. The arrow hits the centaur warrior (6).
The centaur warrior is almost dead. (4/58) HP The centaur warrior shoots an arrow.
The arrow bug you (8)!
* * * LOW HITPOINT WARNING * * *
The arrow freezes you (3).
You die...
Your body crumbles into a pile of gold.

#<.#..'..#..'..# $$ $$
$$ #..)..#..').#..+ $$
$ #..#####'#####'# # $
#..####..#...#.# ##§§#
$ #..#__####..##.#
≈§§c#$$
#..#_____##)#_.+ §c§.+
#⌠⌠#_.∩...'..._# §c§
$$
####_..__##_.#'##§###
$$#_____###'#.#@...###
$
#########.####'###.##
$ +...'.....'.∩#
#...########## $ $$
###.### $ $$$ #.#'#.#
$ $$$ #.....# $ $$$
#..[..# $$ #######


You could see a centaur warrior.

Vanquished Creatures
  Sonja (D)
  A deep troll (D)
  Sigmund (D)
  A yak (D)
  Ijyb (D)
  An ogre (D)
  A jelly (D)
  A ballistomycete (D)
8 creatures vanquished.

Vanquished Creatures (others)
  A gargoyle (D)
  2 ballistomycete spores (D)
3 creatures vanquished.

Grand Total: 11 creatures vanquished

Notes
Turn   | Place    | Note
-------+----------+-------------------------------------------
     0 | D        | esc the Centaur Hunter began the quest for the Orb.
     0 | D        | Reached XP level 1. HP: 17/17 MP: 1/1
     2 | D        | Noticed Ijyb
    35 | D        | Killed Ijyb
    35 | D        | Reached skill level 11 in Bows
    35 | D        | Reached XP level 2. HP: 10/24 MP: 2/2
    35 | D        | Reached XP level 3. HP: 12/29 MP: 3/3
    35 | D        | Reached XP level 4. HP: 15/36 MP: 4/4
   130 | D        | Noticed an ogre
   137 | D        | Killed an ogre
   137 | D        | Reached skill level 14 in Bows
   137 | D        | Reached XP level 5. HP: 41/41 MP: 5/5
   154 | D        | Noticed Sigmund
   159 | D        | Killed Sigmund
   159 | D        | Reached skill level 16 in Bows
   159 | D        | Reached XP level 6. HP: 28/48 MP: 6/6
   248 | D        | Found an ornate altar of the Wu Jian Council.
   248 | D        | Found a shimmering blue altar of Sif Muna.
   251 | D        | Found a radiant altar of Vehumet.
   278 | D        | Found Vuorot's Gadget Emporium.
   278 | D        | Found an ancient bone altar of Kikubaaqudgha.
   278 | D        | Found a hazy altar of Hepliaklqana.
   278 | D        | Found a stormy altar of Qazlal.
   278 | D        | Found a hide-covered altar of Uskayaw.
   278 | D        | Found a blossoming altar of Fedhas.
   278 | D        | Found a bloodstained altar of Trog.
   278 | D        | Found an iron altar of Okawaru.
   278 | D        | Found a basalt altar of Yredelemnul.
   278 | D        | Found a glowing golden altar of the Shining One.
   278 | D        | Found a snail-covered altar of Cheibriados.
   278 | D        | Found a sacrificial altar of Ru.
   278 | D        | Found a glowing silver altar of Zin.
   278 | D        | Found a shadowy altar of Dithmenos.
   278 | D        | Found a white marble altar of Elyvilon.
   278 | D        | Noticed a yak
   293 | D        | Killed a yak
   293 | D        | Reached skill level 18 in Bows
   305 | D        | Found an opulent altar of Gozag.
   306 | D        | Found a sparkling altar of Nemelex Xobeh.
   312 | D        | Became a worshipper of Gozag Ym Sagoz the Greedy
   313 | D        | Killed a gargoyle
   318 | D        | Noticed Sonja
   323 | D        | Killed Sonja
   323 | D        | Reached skill level 20 in Bows
   323 | D        | Reached XP level 7. HP: 49/55 MP: 7/7
   323 | D        | Reached XP level 8. HP: 54/61 MP: 8/8
   651 | D        | Noticed a deep troll
   686 | D        | Killed a deep troll
   686 | D        | Reached skill level 22 in Bows
   718 | D        | Found Cakhloec's Armour Emporium.
   747 | D        | Noticed a centaur warrior
   749 | D        | Noticed a centaur warrior
   753 | D        | HP: 3/61 [centaur warrior/arrow (8)]
   753 | D        | Shot with an arrow by a centaur warrior

Levels and vault maps discovered:
D:        dungeon_sprint_1 [red_sonja_temple_1, red_sonja_temple_small_1]

Skill      XL: |  1  2  3  4  5  6  7  8 |
---------------+-------------------------+-----
Bows           | 11 14 16 20 22 | 22.1
Fighting       | |  2.0
Dodging        | |  1.3
Stealth        | |  0.4

Action                   |  1- 3 |  4- 6 |  7- 9 || total
-------------------------+-------+-------+-------++-------
 Fire: Shortbow          |    22 |    18 |    22 ||    62
Armor: Leather armour    |     3 |       |       ||     3
Dodge: Dodged            |     6 |       |       ||     6
